woodfighter, lawful female human Monk -------------------- .`.*.%.............|. -----.%----------@.|.. |..| |H.|.. -------..|---------..|.. |.. $|....%.^.|. |.....|. .|..| ..|..------| |..---- ..|.`|. ..|..| .*| ..|..|.. ..|..|---- n|- ..|..|.. .|..|.. D ----|..|-----|..|.. |..| |..|.. n -------..-------..|.. `.................|. ------------------- woodfighter the Student of Waters Experience level: 14 Strength: 18/02 Dexterity: 17 Constitution: 17 Intelligence: 10 Wisdom: 12 Charisma: 11 Health: 0(88) Energy: 56(76) Def: 16 Gold: 49 Moves: 21078 Dungeon seed: VAz2tOW_JwdsG6Gf Game ID: woodfighter_1533568996 Your Inventory: Coins $ - 49 gold pieces Amulets G - an uncursed amulet of reflection (being worn) Weapons k - 48 blessed +6 shuriken (in quiver) Armor e - a blessed fireproof +3 pair of speed boots (being worn) n - an uncursed +1 robe (being worn) z - a blessed +0 pair of levitation boots K - an uncursed +2 pair of leather gloves (being worn) P - an uncursed +0 orcish helm (being worn) Comestibles a - 7 uncursed K-rations v - 2 uncursed oranges S - 5 uncursed food rations Z - an uncursed lizard corpse Scrolls t - an uncursed scroll of remove curse Wands d - a wand of digging (0:4) f - a wand of fire (0:3) m - a wand of light (0:12) o - a wand of digging (0:5) u - a wand of teleportation (0:7) B - a wand of create monster (0:11) D - a wand of secret door detection (0:13) M - a wand of undead turning (0:8) Tools q - a +0 unicorn horn w - a blessed oil lamp (0:1227) y - an uncursed skeleton key E - the blessed Eyes of the Overworld (being worn) H - the blessed Orb of Detection (0:14) W - an uncursed towel Y - a +0 pick-axe (alternate weapon; not wielded) Gems l - an uncursed luckstone r - an uncursed amethyst J - 3 uncursed garnets N - 2 uncursed topazes Q - an uncursed touchstone Spells and supernatural/magical abilities: Name Level Category Fail Memory h - healing 1 healing 0% 90% j - jumping 1 escape 0% 90% W - pray for help -- divine ? -- Your skills at the end: Miscellaneous Skills martial arts [Grand Master] wands [Basic] Weapon Skills shuriken [Skilled] Spellcasting Skills healing spells [Basic] escape spells [Basic] Final Attributes: You were piously aligned. You were fire resistant. You were cold resistant. You were sleep resistant. You were poison resistant. You were magic-protected. Your writing hand was a little cramped from use. You saw invisible. You were telepathic. You were warned. You had automatic searching. You were invisible to others. You were stealthy. You were protected. You were very fast. You had reflection. You were extremely lucky. You had extra luck. Bad luck did not time out for you. Good luck did not time out for you. You are dead. Vanquished creatures: Master Kaen Medusa a green dragon 2 minotaurs a baluchitherium a young white dragon 4 stone golems a master mind flayer a titanothere 2 trappers a baby gray dragon a baby orange dragon a guardian naga 2 vampire lords a captain 2 liches 2 nurses a lurker above 3 frost giants a golden naga 3 vampires 7 ghosts 3 ettins a queen bee a winged gargoyle 2 giant mimics 2 ogre kings 2 Elvenkings 5 umber hulks a flesh golem a wumpus a baby long worm 6 stalkers 2 air elementals a fire elemental 45 earth elementals a water elemental a giant mummy 2 elf-lords 21 xorns a giant zombie 5 sergeants a vrock 3 wargs a winter wolf 2 quantum mechanics 3 small mimics a glass piercer 3 xans 2 ettin mummies 2 trolls a sasquatch a wood golem a djinni 6 electric eels 4 pyrolisks 2 large dogs 4 freezing spheres 3 flaming spheres 4 shocking spheres a large cat 2 tigers 2 gargoyles a dwarf king a tengu 4 gelatinous cubes an ochre jelly 3 crocodiles a chameleon a leocrotta a giant 2 elf mummies 2 human mummies a red naga 2 Grey-elves a pit viper a python 3 cobras 3 wraiths an ettin zombie 2 soldiers a succubus 5 giant beetles 5 cockatrices 3 wolves 9 winter wolf cubs 4 black lights a panther 40 gremlins 4 leprechauns a spotted jelly 10 lizards an orc-captain a mumak 8 giant spiders 2 scorpions 3 iron piercers a horse 2 ice vortices 3 vampire bats 2 forest centaurs 4 gnome kings 2 orc mummies 7 ogres a brown pudding 2 Green-elves a rust monster 7 owlbears a yeti a gold golem a werewolf 6 piranhas 2 dogs a dingo a housecat 2 jaguars 2 blue jellies a water nymph 3 gray unicorns 2 black unicorns 4 dust vortices 2 ravens 4 plains centaurs 2 gnome mummies 4 Woodland-elves 3 snakes 5 apes 11 human zombies a rope golem 6 soldier ants 7 fire ants 7 yellow lights 13 bugbears 2 imps a baby crocodile 5 wood nymphs 8 Mordor orcs 3 orc shamans a rock mole 6 rock piercers a pony 3 fog clouds 3 shriekers 3 violet fungi 19 gnome lords a gnomish wizard 3 kobold mummies a red naga hatchling 2 black naga hatchlings 2 gray oozes a barrow wight 3 elf zombies 2 ghouls 3 straw golems a paper golem 2 jellyfish 9 giant ants 3 puppies 7 floating eyes a kitten 9 dwarves 6 kobold lords 2 kobold shamans 9 iguanas 13 hill orcs 13 rothes a rabid rat 3 centipedes 3 jitterbugs 3 giant bats 7 orc zombies 3 dwarf zombies a wererat 3 werejackals 34 killer bees 3 coyotes 4 gas spores a hobbit 8 acid blobs a large kobold 5 geckos 15 hobgoblins 15 giant rats 11 cave spiders a brown mold 4 yellow molds 2 green molds a red mold 50 gnomes 12 garter snakes 18 manes 4 gnome zombies 13 jackals 3 foxes 7 kobolds 8 newts 7 goblins 6 grid bugs 5 bats 2 lichens 4 kobold zombies 862 creatures vanquished. Voluntary challenges: You were vegetarian. You did not cause conflict. You were not invisible. You were not displaced. You used a wielded weapon 1 time, starting on turn 19484. You did not use plumbed fixtures. You read items or engraved 23 times, starting on turn 916. You never genocided any monsters. You polymorphed 1 item, starting on turn 8196. You never changed form. You completed Sokoban on turn 4612, according to the rules. You used 2 wishes, starting on turn 8719. You wished for your your first artifact on turn 8719. You never split a pudding. You wrote Elbereth's name 1 time, starting on turn 18651. You never violated your personal moral code. Dungeon overview: The Dungeons of Doom: levels 1 to 30 Level 1 a fountain a long staircase Level 2 an altar to Huan Ti Level 3 a fountain, a sink stairs to The Gnomish Mines Level 4 a potion shop Level 5 a fountain Level 6 (water) Level 7 some fountains Level 8 Level 9 many fountains Level 10 stairs to Sokoban Level 11 Level 12 (white unicorn) a fountain Level 13 (big room) Level 14 (vault) Level 15 portal to The Quest Level 16 (rogue) Level 17 Level 18 a fountain Level 19 a fountain Level 20 Level 21 a fountain Level 22 (throne) an altar to Huan Ti, a throne Level 23 a fountain Level 24 Level 25 (medusa) Level 26 Level 27 Level 28 Level 30 <- You were here The Gnomish Mines: levels 4 to 11 Level 4 stairs to The Dungeons of Doom Level 5 (box) Level 6 many shops, a temple to Chih Sung-tzu, a magic chest, some fountains Level 7 Level 8 Level 9 (white unicorn) Level 10 Level 11 a magic chest, some fountains The Quest: levels 1 to 6 Level 1 (bell) a temple to Moloch, a magic chest portal to The Dungeons of Doom Level 2 Level 3 Level 4 Level 5 Level 6 an altar to Moloch Sokoban: levels 6 to 9 Level 6 a magic chest Level 7 Level 8 Level 9 an altar to Shan Lai Ching, a magic chest stairs to The Dungeons of Doom History has recorded: On T:1 you entered the Dungeons of Doom to retrieve the Amulet of Yendor! On T:98 you reached level 2 of The Dungeons of Doom. On T:324 you reached level 3 of The Dungeons of Doom. On T:430 you advanced to experience level 2. On T:639 you reached level 1 of The Gnomish Mines. On T:651 you reached level 4 of The Dungeons of Doom. On T:758 you advanced to experience level 3. On T:822 you reached level 5 of The Dungeons of Doom. On T:961 you advanced to experience level 4. On T:979 you advanced to experience level 5. On T:996 you reached level 6 of The Dungeons of Doom. On T:1571 you prayed to Shan Lai Ching. On T:1626 you reached level 7 of The Dungeons of Doom. On T:1759 you reached level 8 of The Dungeons of Doom. On T:2009 you advanced to experience level 6. On T:2254 you reached level 9 of The Dungeons of Doom. On T:2309 you reached level 10 of The Dungeons of Doom. On T:2405 you advanced to experience level 7. On T:2718 you reached level 4 of Sokoban. On T:2870 you opened a magic chest. On T:3121 you reached level 3 of Sokoban. On T:3451 you reached level 2 of Sokoban. On T:3460 you advanced to experience level 8. On T:3989 you reached level 1 of Sokoban. On T:4612 you advanced to experience level 9. On T:4612 you entered the Sokoban zoo. On T:4968 you reached level 2 of The Gnomish Mines. On T:5320 you reached level 3 of The Gnomish Mines. On T:5417 you entered the Minetown temple On T:5691 you reached level 4 of The Gnomish Mines. On T:5724 you reached level 5 of The Gnomish Mines. On T:6099 you reached level 6 of The Gnomish Mines. On T:6197 you reached level 7 of The Gnomish Mines. On T:6225 you reached level 8 of The Gnomish Mines. On T:6225 you reached the bottom of the Mines. On T:6798 you advanced to experience level 10. On T:7986 you reached level 11 of The Dungeons of Doom. On T:8244 you advanced to experience level 11. On T:8706 you prayed to Shan Lai Ching. On T:8719 you wished for "blessed fixed the orb of detection". On T:8812 you reached level 12 of The Dungeons of Doom. On T:9370 you reached level 13 of The Dungeons of Doom. On T:9929 you reached level 14 of The Dungeons of Doom. On T:9983 you reached level 15 of The Dungeons of Doom. On T:10072 you wished for "+3 blessed fixed boots of speed". On T:10797 you reached level 16 of The Dungeons of Doom. On T:10797 you entered the Rogue tribute level. On T:10839 you reached level 1 of The Quest. On T:11184 you reached level 17 of The Dungeons of Doom. On T:11476 you reached level 18 of The Dungeons of Doom. On T:12396 you reached level 19 of The Dungeons of Doom. On T:12604 you reached level 20 of The Dungeons of Doom. On T:12905 you reached level 21 of The Dungeons of Doom. On T:13094 you reached level 22 of The Dungeons of Doom. On T:13275 you advanced to experience level 12. On T:13702 you reached level 23 of The Dungeons of Doom. On T:15566 you reached level 24 of The Dungeons of Doom. On T:15869 you reached level 25 of The Dungeons of Doom. On T:17398 you prayed to Shan Lai Ching. On T:17415 you prayed to Shan Lai Ching. On T:17487 you prayed to Shan Lai Ching. On T:17499 you advanced to experience level 13. On T:17499 you advanced to experience level 14. On T:17626 you embarked upon an epic quest. On T:17647 you reached level 2 of The Quest. On T:17761 you reached level 3 of The Quest. On T:18336 you reached level 4 of The Quest. On T:18377 you reached level 5 of The Quest. On T:18636 you reached level 6 of The Quest. On T:18699 you killed Master Kaen on level 5 of The Quest. On T:19420 you killed Medusa on level 25 of The Dungeons of Doom. On T:20369 you reached level 26 of The Dungeons of Doom. On T:20445 you reached level 27 of The Dungeons of Doom. On T:20792 you reached level 28 of The Dungeons of Doom. On T:21030 you reached level 30 of The Dungeons of Doom. Score breakdown: Gold: 49 ( 4 points) Experience: 14 levels ( 1300 points) Exploration: 30 levels ( 870 points) Discoveries: 74 items ( 2000 points) Variety of kills: 201 monsters ( 2000 points) Major goal: Sokoban/Mines ( 1500 points) Survival: died (score multiplied by 3) Total score: 23022 Latest messages: You strike the panther! The panther misses. (2x) The panther bites! You kill the panther! You see here 2 oranges. You have a little trouble lifting v - 2 oranges. The minotaur punches you! (2x) The minotaur butts! The minotaur punches you! (2x) The minotaur butts! Never mind. You drop an uncursed sack. Your movements are now unencumbered. You feel better. (3x) The minotaur punches you! (2x) The minotaur butts! You feel better. The minotaur punches you! (2x) The minotaur butts! You feel better. The minotaur punches you! (2x) The minotaur butts! You die... Final status: Goodbye woodfighter the Monk, killed by a minotaur... You died in The Dungeons of Doom on dungeon level 30 with 23022 points, and 49 pieces of gold, after 21078 moves. You were level 14 with a maximum of 88 hit points when you died.